Map: Central Protocol

Players

PerseVerAnce

  • Race: Terran Terran
  • League: Gold

Gacava - Winner!

  • Race: Protoss Protoss
  • League: Platinum

VOD

Have the link to the VOD?

Description

MMM lost vs Void ray carrier. What went wrong?

Time

  • Played on: Dec. 13, 2015, 4:15 p.m.
  • Length: 10:38
Show
View Real Time Build Order
Export as new Build Order

PerseVerAnce Terran 

Build Orders: MMM Bio 

Get SALT Encoding   

  12  0:00  SCV  
  13  0:13  SCV  
  14  0:17  Supply Depot  
  14  0:25  SCV  
  15  0:39  SCV  
  15  0:41  Barracks  
  16  0:45  Refinery  
  16  0:51  SCV  
  17  1:03  SCV  
  18  1:15  SCV  
  19  1:27  SCV  
  19  1:29  Reaper  
  21  1:40  Command Center  
  21  1:48  Orbital Command  
  21  1:56  Refinery  
  21  2:01  Barracks Reactor  
  21  2:13  Supply Depot  
  21  2:16  SCV  
  22  2:28  SCV  
  23  2:38  Marine  
  23  2:39  Marine  
  25  2:45  Factory  
  25  2:48  SCV  
  25  2:50  Barracks  
  26  3:00  SCV  
  26  3:02  Marine x2  
  28  3:12  SCV, Orbital Command  
  29  3:21  Marine x2  
  31  3:29  Starport, Factory Reactor  
  31  3:33  Engineering Bay  
  31  3:35  SCV  
  32  3:43  Marine x2  
  32  3:45  Barracks Tech Lab  
  34  3:59  Terran Infantry Weapons Level 1, Engineering Bay  
  34  4:01  Marine  
  34  4:02  SCV x2  
  37  4:06  Stimpack, Liberator  
  37  4:18  SCV x2  
  37  4:20  Liberator  
  37  4:22  Supply Depot  
  37  4:23  Factory Tech Lab  
  42  4:30  SCV x2  
  47  4:39  Refinery  
  47  4:42  SCV  
  47  4:44  Marine  
  47  4:45  Supply Depot, Marine  
  50  4:49  Marauder  
  52  4:53  SCV  
  52  4:55  Refinery  
  52  4:57  SCV  
  54  5:01  Terran Infantry Armor Level 1  
  54  5:06  SCV  
  55  5:09  SCV  
  56  5:18  SCV, Marauder, Marine x2  
  56  5:21  SCV, Medivac  
  64  5:30  Supply Depot  
  64  5:36  SCV x2  
  64  5:42  Barracks  
  66  5:45  Barracks  
  66  5:46  Cyclone  
  69  6:11  Marine x2  
  66  6:12  Marauder  
  67  6:29  Marine x2  
  61  6:41  Marine  
  61  6:46  Barracks Reactor, Barracks Tech Lab, Marine  
  62  6:49  Supply Depot  
  62  6:52  Marine  
  64  6:54  Combat Shields  
  64  6:59  SCV x2, Marine  
  67  7:03  Cyclone, Barracks  
  70  7:12  Supply Depot, Marine x2  
  72  7:17  Marauder  
  72  7:19  Marauder  
  72  7:20  Concussive Shells  
  76  7:27  Armory  
  76  7:28  Command Center  
  76  7:32  Medivac x2  
  76  7:34  Marine x2  
  76  7:35  Marine x2  
  84  7:38  Supply Depot  
  84  7:52  Barracks Reactor  
  84  7:54  Marine x4  
  84  7:55  Marauder  
  84  7:56  Marauder  
  92  8:02  Viking x2  
  96  8:12  Marine x2  
  98  8:16  Terran Vehicle And Ship Armor Level 1  
  98  8:17  Marauder x2  
  102  8:21  Thor  
  102  8:23  SCV  
  102  8:24  SCV  
  110  8:37  Marine x3  
  113  8:45  SCV x2  
  113  8:47  Orbital Command  
  115  8:49  Missile Turret  
  115  8:55  Marine x5  
  117  8:56  Marine  
  121  9:07  Marine x2  
  121  9:28  Marine x4  
  95  9:42  Marine x3  
  95  9:43  Viking x2  
  100  9:51  Supply Depot, Marine x3  
  100  9:52  Marine x2  
  105  10:02  Sensor Tower  
  104  10:13  Marine x4  
  104  10:14  Marine  
Show
View Real Time Build Order
Export as new Build Order

Gacava Protoss - Winner!

Build Orders: Nexus First 

Get SALT Encoding   

  12  0:02  Probe (Chrono Boost)  
  13  0:13  Probe (Chrono Boost)  
  14  0:25  Probe (Chrono Boost)  
  14  0:27  Pylon  
  15  0:45  Probe (Chrono Boost)  
  16  1:02  Probe (Chrono Boost)  
  17  1:05  Nexus  
  17  1:13  Forge  
  17  1:18  Probe (Chrono Boost)  
  18  1:24  Assimilator  
  18  1:28  Probe (Chrono Boost)  
  19  1:34  Assimilator  
  19  1:39  Probe (Chrono Boost)  
  20  1:54  Pylon  
  20  1:59  Pylon  
  20  2:00  Probe (Chrono Boost)  
  21  2:10  Probe (Chrono Boost)  
  21  2:15  Gateway  
  22  2:22  Photon Cannon  
  22  2:32  Photon Cannon  
  22  2:33  Probe (Chrono Boost)  
  22  2:36  Probe (Chrono Boost)  
  24  2:47  Probe (Chrono Boost)  
  25  3:04  Photon Cannon  
  25  3:08  Cybernetics Core  
  25  3:10  Probe x2 (Chrono Boost)  
  27  3:20  Probe (Chrono Boost), Photon Cannon  
  28  3:32  Photon Cannon  
  29  3:34  Probe (Chrono Boost)  
  29  3:36  Probe (Chrono Boost)  
  30  3:44  Pylon  
  30  3:47  Mothership Core (Chrono Boost)  
  32  3:50  Probe (Chrono Boost)  
  33  4:00  Stargate  
  33  4:04  Stargate  
  33  4:06  Probe (Chrono Boost)  
  33  4:09  Assimilator  
  34  4:13  Assimilator  
  34  4:18  Probe x2 (Chrono Boost)  
  36  4:28  Probe (Chrono Boost)  
  36  4:29  Probe (Chrono Boost), Stargate  
  38  4:34  Pylon  
  38  4:39  Probe x2 (Chrono Boost)  
  40  4:49  Probe x2 (Chrono Boost), Void Ray (Chrono Boost)  
  46  5:01  Void Ray (Chrono Boost)  
  46  5:02  Probe  
  46  5:05  Probe  
  52  5:16  Photon Cannon  
  52  5:20  Probe  
  53  5:23  Probe  
  58  5:32  Photon Cannon  
  58  5:33  Void Ray (Chrono Boost)  
  58  5:37  Pylon  
  58  5:40  Pylon  
  58  5:46  Void Ray (Chrono Boost)  
  62  5:54  Void Ray (Chrono Boost)  
  62  6:18  Void Ray (Chrono Boost)  
  66  6:27  Void Ray (Chrono Boost)  
  70  6:39  Void Ray (Chrono Boost)  
  74  6:43  Probe  
  75  6:52  Fleet Beacon  
  75  6:55  Probe  
  75  6:58  Photon Cannon  
  76  7:02  Photon Cannon x2  
  76  7:04  Photon Cannon  
  76  7:05  Pylon  
  76  7:08  Probe  
  77  7:12  Protoss Air Weapons Level 1  
  77  7:20  Probe  
  78  7:30  Robotics Facility  
  78  7:38  Pylon, Carrier (Chrono Boost)  
  78  7:43  Pylon  
  84  7:45  Carrier (Chrono Boost)  
  84  7:50  Graviton Catapult  
  96  8:23  Observer  
  96  8:26  Carrier (Chrono Boost)  
  97  8:33  Photon Cannon  
  97  8:39  Photon Cannon  
  97  8:45  Observer  
  98  8:53  Carrier (Chrono Boost)  
  104  9:14  Carrier (Chrono Boost)  
  110  9:52  Pylon  
  110  9:54  Pylon  
  110  10:00  Pylon  
  110  10:04  Pylon  
  110  10:06  Pylon  
  110  10:09  Pylon  
Tags
 
Add a new tag
Caveats
  • Supply blocks, unpowered buildings, or Contaminate may cause inaccurate times.
  • Supply counts are checked every 10 seconds.